Connexion

Checkers vs Marlies

Created - 19 février 2024 at 05:55

Goals
1 2 3 T
Checkers 1 1 0 2
Marlies 2 0 2 4
Shots
1 2 3 T
Checkers 7 12 9 28
Marlies 12 14 22 48

GoalsPenalties
1st period
1. Marlies , Victor Ejdsell 18 (Kristian Vesalainen 22, Ian McCoshen 22) at 11:31
2. Marlies , Tim Schaller 21 (Loui Eriksson 47, Cal O'Reilly 39) at 12:18
3. Checkers , Reese Johnson 22 (Jackson Blake 28) at 14:44
Ethan Edwards (CHA) for Tripping (Minor) at 2:28
Ian McCoshen (TOR) for Hooking (Minor) at 16:49
2nd period
4. Checkers , Vinni Lettieri 38 (Troy Stecher 49) at 13:06 (PP)
Michael Vukojevic (CHA) for Hooking (Minor) at 9:01
Tim Schaller (TOR) for Tripping (Minor) at 12:45
3rd period
5. Marlies , Dominik Simon 28 (Max McCormick 42, Ian McCoshen 23) at 10:35
6. Marlies , Brad Malone 17 (Max McCormick 43, Dominik Simon 30) at 18:02
Miles Wood (CHA) for Holding (Minor) at 1:17
Goalie Stats
Jake Kielly (CHA), 44 saves from 48 shots - (0,917), L, 30-29-8, 60:00 minutes
Erik Kallgren (TOR), 26 saves from 28 shots - (0,929), W, 24-21-1, 60:00 minutes
3 StarsOfficial
1 - Brad Malone (TOR)
2 - Dominik Simon (TOR)
3 - Max McCormick (TOR)
Referees : Steve Kozari and Dave Jackson
Linesman : Brad Lazarowich and Mike Cvik
Game Note
Joshua Ho-Sang is injured at 15:57 of 1st period (Groin)
Finance
Level 1 -- Attendance: 2000 (100,00%) -- Ticket Income $40,000
Level 2 -- Attendance: 1000 (100,00%) -- Ticket Income $15,000
Total Attendance: 3000 (100,00%)
Total Ticket Income: $55,000
Other Income: $11,000
Total Income: $66,000



Team Name Goals Shots Shots Attemp Shots Blocked PIM HIT PP PK FO%
Checkers 2286786191 / 2 (50%)049%
Marlies 44886144140 / 3 (0%)151%

Checkers
Player Name POS G A P +/- PIM HIT SHT SB MP PP MP PP SHT PK MP PK SHT FO% FOT
Aarne TalvitieC000001004:590:0002:11025% 4
Andy AndreoffC/LW000-2021119:271:1100:54058% 24
Brett SutterC/LW0000013022:481:0913:300100% 2
Demetrios KoumontzisD0000000014:280:0000:0000% 0
Dylan PetersonC0000002014:350:2600:0000% 0
Ethan EdwardsD0000220015:280:0001:0100% 0
Jackson BlakeRW011-1003013:240:0000:0000% 1
Jaynen RisslingD000-3021321:011:1712:2900% 0
John SchiavoRW000000002:480:0000:0000% 0
Joshua Ho-SangRW000000004:240:0000:2400% 0
Ludwig PerssonLW000-1000013:240:0000:0000% 0
Max CrozierD0000021024:311:0303:2800% 0
Michael VukojevicD000-3262119:591:1711:2800% 0
Miles WoodLW000-2212118:321:1100:0000% 1
Reese JohnsonC101-1015014:070:4300:00047% 17
Riley BarberRW000-2001120:061:1101:3300% 1
Troy StecherD0110001124:311:0303:2800% 0
Vinni LettieriC1010016025:281:0913:22047% 38
Marlies
Player Name POS G A P +/- PIM HIT SHT SB MP PP MP PP SHT PK MP PK SHT FO% FOT
Brad Malone C/LW1013033024:342:4411:17060% 25
Cal O'ReillyC0110025022:293:1310:33054% 26
Calle SjalinD0000001414:550:0000:4600% 0
Calvin De HaanD0003014423:563:1811:2500% 0
Dominik SimonC/LW/RW1122006013:412:4400:3300% 1
Ian McCoshenD0223212122:263:1810:2100% 0
Josh WesleyD0000001021:552:3900:5500% 0
Kristian VesalainenLW/RW0111003012:590:0000:4600% 1
Loui ErikssonLW/RW0110011121:563:1300:000100% 1
Mathias Brome LW0000013110:230:0000:0000% 0
Max McCormickC/LW0222015124:172:4401:190100% 1
Mitchell HeardC0000000010:230:0000:00047% 19
Skyler McKenzieLW000000100:330:0000:0000% 0
Tim McGauleyC000000002:040:0000:0000% 0
Tim SchallerC/LW/RW1010205122:073:1300:12033% 3
Tyler LewingtonD0000023122:382:3921:1300% 0
Victor EjdsellC1011005012:130:0000:00036% 11
Yegor RykovD0000020014:090:0000:0000% 0



Play-by-Play

1st period


0:01 of 1st period - Brad Malone wins face-off versus Vinni Lettieri in neutral zone.
0:06 of 1st period - Shot by Dominik Simon.
0:06 of 1st period - Stopped by Jake Kielly with a rebound.
0:08 of 1st period - Shot by Calvin De Haan.
0:08 of 1st period - Shot Misses the Net.
0:10 of 1st period - Shot by Calvin De Haan.
0:10 of 1st period - Stopped by Jake Kielly without a rebound.
0:11 of 1st period - Loui Eriksson wins face-off versus Andy Andreoff in Checkers zone.
0:18 of 1st period - Loui Eriksson is hit by Miles Wood and loses puck.
0:38 of 1st period - Shot by Andy Andreoff.
0:38 of 1st period - Stopped by Erik Kallgren with a rebound.
0:50 of 1st period - Shot by Andy Andreoff.
0:50 of 1st period - Deflect By Riley Barber.
0:50 of 1st period - Shot Misses the Net.
1:18 of 1st period - Shot by Max McCormick.
1:18 of 1st period - Shot Misses the Net.
2:21 of 1st period - Shot by Kristian Vesalainen.
2:21 of 1st period - Deflect By Victor Ejdsell.
2:21 of 1st period - Stopped by Jake Kielly with a rebound.
2:27 of 1st period - Shot by Victor Ejdsell.
2:27 of 1st period - Shot Misses the Net.
2:28 of 1st period - Minor Penalty to Ethan Edwards for Tripping.
2:29 of 1st period - Cal O'Reilly wins face-off versus Vinni Lettieri in Checkers zone.
2:29 of 1st period - Tim Schaller is hit by Michael Vukojevic and loses puck.
2:42 of 1st period - Brett Sutter is hit by Cal O'Reilly and loses puck.
2:55 of 1st period - Shot by Tim Schaller.
2:55 of 1st period - Shot Misses the Net.
2:57 of 1st period - Shot by Tyler Lewington.
2:57 of 1st period - Stopped by Jake Kielly with a rebound.
3:35 of 1st period - Shot by Andy Andreoff.
3:35 of 1st period - Shot Misses the Net.
6:26 of 1st period - Shot by Andy Andreoff.
6:26 of 1st period - Shot Blocked by Calle Sjalin.
6:28 of 1st period - Shot by Andy Andreoff.
6:28 of 1st period - Shot Misses the Net.
6:30 of 1st period - Shot by Miles Wood.
6:30 of 1st period - Shot Blocked by Calle Sjalin.
7:57 of 1st period - Shot by Cal O'Reilly.
7:57 of 1st period - Stopped by Jake Kielly with a rebound.
8:22 of 1st period - Victor Ejdsell is hit by Ethan Edwards and loses puck.
8:57 of 1st period - Shot by Dominik Simon.
8:57 of 1st period - Shot Misses the Net.
8:59 of 1st period - Shot by Skyler McKenzie.
8:59 of 1st period - Shot Misses the Net.
9:01 of 1st period - Shot by Dominik Simon.
9:01 of 1st period - Deflect By Skyler McKenzie.
9:01 of 1st period - Stopped by Jake Kielly with a rebound.
9:16 of 1st period - Icing by Max Crozier.
9:17 of 1st period - Vinni Lettieri wins face-off versus Mitchell Heard in Checkers zone.
9:51 of 1st period - Mitchell Heard is hit by Vinni Lettieri and loses puck.
10:56 of 1st period - Shot by Victor Ejdsell.
10:56 of 1st period - Shot Misses the Net.
11:00 of 1st period - Shot by Victor Ejdsell.
11:00 of 1st period - Stopped by Jake Kielly without a rebound.
11:01 of 1st period - Cal O'Reilly wins face-off versus Jackson Blake in Checkers zone.
11:01 of 1st period - Cal O'Reilly is hit by Jaynen Rissling.
11:05 of 1st period - Shot by Loui Eriksson.
11:05 of 1st period - Shot Blocked by Michael Vukojevic.
11:13 of 1st period - Shot by Jackson Blake.
11:13 of 1st period - Stopped by Erik Kallgren without a rebound.
11:14 of 1st period - Reese Johnson wins face-off versus Mitchell Heard in Marlies zone.
11:21 of 1st period - Shot by Reese Johnson.
11:21 of 1st period - Stopped by Erik Kallgren without a rebound.
11:22 of 1st period - Reese Johnson wins face-off versus Victor Ejdsell in Marlies zone.
11:29 of 1st period - Shot by Victor Ejdsell.
11:29 of 1st period - Shot Misses the Net.
11:31 of 1st period - Shot by Victor Ejdsell.
11:31 of 1st period - Goal by Victor Ejdsell - Checkers : 0 - Marlies : 1.
11:32 of 1st period - Andy Andreoff wins face-off versus Mitchell Heard in neutral zone.
11:55 of 1st period - Off-side.
11:56 of 1st period - Reese Johnson wins face-off versus Cal O'Reilly in neutral zone.
11:56 of 1st period - Reese Johnson is hit by Ian McCoshen.
12:10 of 1st period - Tim Schaller is hit by Jaynen Rissling.
12:14 of 1st period - Shot by Loui Eriksson.
12:14 of 1st period - Shot Misses the Net.
12:18 of 1st period - Shot by Tim Schaller.
12:18 of 1st period - Goal by Tim Schaller - Checkers : 0 - Marlies : 2.
12:19 of 1st period - Brad Malone wins face-off versus Vinni Lettieri in neutral zone.
12:42 of 1st period - Shot by Vinni Lettieri.
12:42 of 1st period - Shot Blocked by Calle Sjalin.
12:52 of 1st period - Shot by Max McCormick.
12:52 of 1st period - Stopped by Jake Kielly without a rebound.
12:53 of 1st period - Cal O'Reilly wins face-off versus Miles Wood in Checkers zone.
13:18 of 1st period - Riley Barber is hit by Cal O'Reilly.
13:54 of 1st period - Shot by Victor Ejdsell.
13:54 of 1st period - Stopped by Jake Kielly without a rebound.
13:55 of 1st period - Vinni Lettieri wins face-off versus Mitchell Heard in Checkers zone.
13:57 of 1st period - Icing by Max Crozier.
13:58 of 1st period - Brad Malone wins face-off versus Vinni Lettieri in Checkers zone.
14:08 of 1st period - Off-side.
14:09 of 1st period - Mitchell Heard wins face-off versus Aarne Talvitie in neutral zone.
14:40 of 1st period - Shot by Max Crozier.
14:40 of 1st period - Stopped by Erik Kallgren without a rebound.
14:41 of 1st period - Reese Johnson wins face-off versus Cal O'Reilly in Marlies zone.
14:44 of 1st period - Shot by Jackson Blake.
14:44 of 1st period - Deflect By Reese Johnson.
14:44 of 1st period - Goal by Reese Johnson - Checkers : 1 - Marlies : 2.
14:45 of 1st period - Andy Andreoff wins face-off versus Cal O'Reilly in neutral zone.
15:35 of 1st period - Icing by Demetrios Koumontzis.
15:36 of 1st period - Brad Malone wins face-off versus Andy Andreoff in Checkers zone.
15:53 of 1st period - Off-side.
15:54 of 1st period - Vinni Lettieri wins face-off versus Victor Ejdsell in neutral zone.
15:56 of 1st period - Joshua Ho-Sang is hit by Yegor Rykov and loses puck.
15:57 of 1st period - Joshua Ho-Sang from Checkers is injured at 15:57 of 1st period (Groin).
15:58 of 1st period - Brad Malone wins face-off versus Vinni Lettieri in Marlies zone.
15:58 of 1st period - Brad Malone is hit by Brett Sutter.
16:26 of 1st period - Shot by Vinni Lettieri.
16:26 of 1st period - Shot Misses the Net.
16:49 of 1st period - Minor Penalty to Ian McCoshen for Hooking.
16:50 of 1st period - Andy Andreoff wins face-off versus Kristian Vesalainen in Marlies zone.
17:01 of 1st period - Shot by Jaynen Rissling.
17:01 of 1st period - Stopped by Erik Kallgren without a rebound.
17:02 of 1st period - Brad Malone wins face-off versus Vinni Lettieri in Marlies zone.
17:32 of 1st period - Icing by Reese Johnson.
17:33 of 1st period - Vinni Lettieri wins face-off versus Brad Malone in Checkers zone.
17:40 of 1st period - Shot by Jaynen Rissling.
17:40 of 1st period - Shot Blocked by Calle Sjalin.
17:54 of 1st period - Shot by Max Crozier.
17:54 of 1st period - Shot Misses the Net.
18:26 of 1st period - Max McCormick is hit by Max Crozier and loses puck.
19:01 of 1st period - Shot by Reese Johnson.
19:01 of 1st period - Shot Misses the Net.
19:03 of 1st period - Shot by Jackson Blake.
19:03 of 1st period - Stopped by Erik Kallgren without a rebound.
19:04 of 1st period - Aarne Talvitie wins face-off versus Cal O'Reilly in Marlies zone.
19:04 of 1st period - Jaynen Rissling is hit by Tyler Lewington.
19:56 of 1st period - Shot by Mathias Brome .
19:56 of 1st period - Stopped by Jake Kielly without a rebound.
19:57 of 1st period - Reese Johnson wins face-off versus Victor Ejdsell in Checkers zone.
Goals for this period are 1 for Checkers vs 2 for Marlies.
Shots for this period are 7 for Checkers vs 12 for Marlies.

2nd period


0:01 of 2nd period - Brad Malone wins face-off versus Vinni Lettieri in neutral zone.
0:06 of 2nd period - Shot by Max McCormick.
0:06 of 2nd period - Stopped by Jake Kielly with a rebound.
0:08 of 2nd period - Shot by Brad Malone .
0:08 of 2nd period - Deflect By Dominik Simon.
0:08 of 2nd period - Stopped by Jake Kielly without a rebound.
0:09 of 2nd period - Vinni Lettieri wins face-off versus Brad Malone in Checkers zone.
0:09 of 2nd period - Vinni Lettieri is hit by Brad Malone .
0:37 of 2nd period - Shot by Dominik Simon.
0:37 of 2nd period - Stopped by Jake Kielly without a rebound.
0:38 of 2nd period - Andy Andreoff wins face-off versus Cal O'Reilly in Checkers zone.
1:09 of 2nd period - Shot by Ian McCoshen.
1:09 of 2nd period - Stopped by Jake Kielly with a rebound.
1:54 of 2nd period - Brett Sutter is hit by Max McCormick and loses puck.
2:07 of 2nd period - Shot by Brad Malone .
2:07 of 2nd period - Deflect By Max McCormick.
2:07 of 2nd period - Shot Misses the Net.
2:09 of 2nd period - Shot by Brad Malone .
2:09 of 2nd period - Shot Misses the Net.
2:15 of 2nd period - Shot by Brad Malone .
2:15 of 2nd period - Stopped by Jake Kielly without a rebound.
2:16 of 2nd period - Victor Ejdsell wins face-off versus Reese Johnson in Checkers zone.
2:25 of 2nd period - Shot by Jackson Blake.
2:25 of 2nd period - Shot Misses the Net.
3:24 of 2nd period - Shot by Josh Wesley.
3:24 of 2nd period - Stopped by Jake Kielly without a rebound.
3:25 of 2nd period - Andy Andreoff wins face-off versus Tim Schaller in Checkers zone.
3:40 of 2nd period - Shot by Tim Schaller.
3:40 of 2nd period - Shot Misses the Net.
3:42 of 2nd period - Shot by Loui Eriksson.
3:42 of 2nd period - Shot Misses the Net.
3:44 of 2nd period - Shot by Cal O'Reilly.
3:44 of 2nd period - Shot Blocked by Jaynen Rissling.
3:46 of 2nd period - Shot by Tim Schaller.
3:46 of 2nd period - Stopped by Jake Kielly without a rebound.
3:47 of 2nd period - Mitchell Heard wins face-off versus Vinni Lettieri in Checkers zone.
3:47 of 2nd period - Josh Wesley is hit by Max Crozier.
4:24 of 2nd period - Icing by Josh Wesley.
4:25 of 2nd period - Andy Andreoff wins face-off versus Mitchell Heard in Marlies zone.
4:32 of 2nd period - Shot by Miles Wood.
4:32 of 2nd period - Shot Misses the Net.
4:48 of 2nd period - Max McCormick is hit by Andy Andreoff and loses puck.
4:52 of 2nd period - Icing by Tyler Lewington.
4:53 of 2nd period - Mitchell Heard wins face-off versus Reese Johnson in Marlies zone.
5:11 of 2nd period - Icing by Calvin De Haan.
5:12 of 2nd period - Vinni Lettieri wins face-off versus Victor Ejdsell in Marlies zone.
5:23 of 2nd period - Shot by Brett Sutter.
5:23 of 2nd period - Shot Blocked by Calvin De Haan.
5:31 of 2nd period - Shot by Dylan Peterson.
5:31 of 2nd period - Shot Misses the Net.
5:39 of 2nd period - Shot by Vinni Lettieri.
5:39 of 2nd period - Shot Misses the Net.
5:43 of 2nd period - Shot by Vinni Lettieri.
5:43 of 2nd period - Stopped by Erik Kallgren with a rebound.
5:45 of 2nd period - Shot by Troy Stecher.
5:45 of 2nd period - Stopped by Erik Kallgren without a rebound.
5:46 of 2nd period - Cal O'Reilly wins face-off versus Andy Andreoff in Marlies zone.
6:22 of 2nd period - Icing by Miles Wood.
6:23 of 2nd period - Brad Malone wins face-off versus Riley Barber in Checkers zone.
6:23 of 2nd period - Max McCormick is hit by Michael Vukojevic and loses puck.
6:32 of 2nd period - Shot by Riley Barber.
6:32 of 2nd period - Shot Misses the Net.
7:16 of 2nd period - Icing by Troy Stecher.
7:17 of 2nd period - Cal O'Reilly wins face-off versus Vinni Lettieri in Checkers zone.
7:32 of 2nd period - Shot by Cal O'Reilly.
7:32 of 2nd period - Shot Misses the Net.
7:34 of 2nd period - Shot by Tyler Lewington.
7:34 of 2nd period - Stopped by Jake Kielly without a rebound.
7:35 of 2nd period - Mitchell Heard wins face-off versus Reese Johnson in Checkers zone.
8:10 of 2nd period - Jackson Blake is hit by Yegor Rykov and loses puck.
9:01 of 2nd period - Minor Penalty to Michael Vukojevic for Hooking.
9:02 of 2nd period - Brad Malone wins face-off versus Vinni Lettieri in Checkers zone.
9:18 of 2nd period - Shot by Calvin De Haan.
9:18 of 2nd period - Stopped by Jake Kielly without a rebound.
9:19 of 2nd period - Cal O'Reilly wins face-off versus Vinni Lettieri in Checkers zone.
9:20 of 2nd period - Shot by Loui Eriksson.
9:20 of 2nd period - Shot Misses the Net.
9:32 of 2nd period - Shot by Ian McCoshen.
9:32 of 2nd period - Stopped by Jake Kielly without a rebound.
9:33 of 2nd period - Vinni Lettieri wins face-off versus Brad Malone in Checkers zone.
9:44 of 2nd period - Shot by Josh Wesley.
9:44 of 2nd period - Shot Blocked by Jaynen Rissling.
9:50 of 2nd period - Shot by Brad Malone .
9:50 of 2nd period - Stopped by Jake Kielly with a rebound.
9:52 of 2nd period - Shot by Tyler Lewington.
9:52 of 2nd period - Stopped by Jake Kielly without a rebound.
9:53 of 2nd period - Vinni Lettieri wins face-off versus Cal O'Reilly in Checkers zone.
10:13 of 2nd period - Icing by Calvin De Haan.
10:14 of 2nd period - Vinni Lettieri wins face-off versus Cal O'Reilly in Marlies zone.
10:21 of 2nd period - Shot by Vinni Lettieri.
10:21 of 2nd period - Shot Blocked by Loui Eriksson.
10:41 of 2nd period - Brett Sutter is hit by Loui Eriksson and loses puck.
11:02 of 2nd period - Shot by Victor Ejdsell.
11:02 of 2nd period - Stopped by Jake Kielly with a rebound.
12:45 of 2nd period - Minor Penalty to Tim Schaller for Tripping.
12:46 of 2nd period - Brad Malone wins face-off versus Vinni Lettieri in Marlies zone.
12:52 of 2nd period - Icing by Jaynen Rissling.
12:53 of 2nd period - Vinni Lettieri wins face-off versus Brad Malone in Checkers zone.
13:00 of 2nd period - Shot by Michael Vukojevic.
13:00 of 2nd period - Stopped by Erik Kallgren with a rebound.
13:02 of 2nd period - Shot by Brett Sutter.
13:02 of 2nd period - Stopped by Erik Kallgren without a rebound.
13:03 of 2nd period - Vinni Lettieri wins face-off versus Brad Malone in Marlies zone.
13:06 of 2nd period - Shot by Vinni Lettieri.
13:06 of 2nd period - Goal by Vinni Lettieri - Checkers : 2 - Marlies : 2.
13:07 of 2nd period - Vinni Lettieri wins face-off versus Cal O'Reilly in neutral zone.
13:41 of 2nd period - Shot by Vinni Lettieri.
13:41 of 2nd period - Shot Blocked by Calvin De Haan.
13:43 of 2nd period - Shot by Demetrios Koumontzis.
13:43 of 2nd period - Shot Misses the Net.
13:45 of 2nd period - Shot by Brett Sutter.
13:45 of 2nd period - Stopped by Erik Kallgren without a rebound.
13:46 of 2nd period - Andy Andreoff wins face-off versus Brad Malone in Marlies zone.
14:26 of 2nd period - Shot by Brad Malone .
14:26 of 2nd period - Shot Misses the Net.
14:41 of 2nd period - Icing by Loui Eriksson.
14:42 of 2nd period - Brett Sutter wins face-off versus Tim Schaller in Marlies zone.
15:07 of 2nd period - Shot by Tim Schaller.
15:07 of 2nd period - Shot Misses the Net.
15:09 of 2nd period - Shot by Tim Schaller.
15:09 of 2nd period - Stopped by Jake Kielly without a rebound.
15:10 of 2nd period - Victor Ejdsell wins face-off versus Reese Johnson in Checkers zone.
15:10 of 2nd period - Calvin De Haan is hit by Ethan Edwards and loses puck.
15:19 of 2nd period - Shot by Ludwig Persson.
15:19 of 2nd period - Shot Misses the Net.
15:21 of 2nd period - Shot by Reese Johnson.
15:21 of 2nd period - Deflect By Jackson Blake.
15:21 of 2nd period - Shot Misses the Net.
15:23 of 2nd period - Shot by Ethan Edwards.
15:23 of 2nd period - Shot Blocked by Ian McCoshen.
15:31 of 2nd period - Shot by Reese Johnson.
15:31 of 2nd period - Shot Misses the Net.
16:12 of 2nd period - Shot by Dylan Peterson.
16:12 of 2nd period - Stopped by Erik Kallgren without a rebound.
16:13 of 2nd period - Andy Andreoff wins face-off versus Cal O'Reilly in Marlies zone.
16:27 of 2nd period - Icing by Cal O'Reilly.
16:28 of 2nd period - Cal O'Reilly wins face-off versus Vinni Lettieri in Marlies zone.
18:11 of 2nd period - Shot by Jackson Blake.
18:11 of 2nd period - Stopped by Erik Kallgren without a rebound.
18:12 of 2nd period - Vinni Lettieri wins face-off versus Brad Malone in Marlies zone.
18:15 of 2nd period - Shot by Vinni Lettieri.
18:15 of 2nd period - Stopped by Erik Kallgren with a rebound.
18:20 of 2nd period - Off-side.
18:21 of 2nd period - Brad Malone wins face-off versus Reese Johnson in neutral zone.
18:40 of 2nd period - Shot by Reese Johnson.
18:40 of 2nd period - Stopped by Erik Kallgren without a rebound.
18:41 of 2nd period - Brett Sutter wins face-off versus Victor Ejdsell in Marlies zone.
19:43 of 2nd period - Shot by Miles Wood.
19:43 of 2nd period - Shot Blocked by Mathias Brome .
19:47 of 2nd period - Shot by Miles Wood.
19:47 of 2nd period - Stopped by Erik Kallgren without a rebound.
19:48 of 2nd period - Reese Johnson wins face-off versus Mitchell Heard in Marlies zone.
19:51 of 2nd period - Shot by Reese Johnson.
19:51 of 2nd period - Shot Misses the Net.
19:55 of 2nd period - Shot by Reese Johnson.
19:55 of 2nd period - Stopped by Erik Kallgren without a rebound.
19:56 of 2nd period - Mitchell Heard wins face-off versus Reese Johnson in Marlies zone.
19:56 of 2nd period - Mitchell Heard is hit by Reese Johnson.
19:59 of 2nd period - Icing by Max McCormick.
Goals for this period are 1 for Checkers vs 0 for Marlies.
Shots for this period are 12 for Checkers vs 14 for Marlies.

3rd period


0:01 of 3rd period - Brad Malone wins face-off versus Vinni Lettieri in neutral zone.
0:11 of 3rd period - Shot by Dominik Simon.
0:11 of 3rd period - Stopped by Jake Kielly without a rebound.
0:12 of 3rd period - Cal O'Reilly wins face-off versus Andy Andreoff in Checkers zone.
0:18 of 3rd period - Loui Eriksson is hit by Michael Vukojevic and loses puck.
0:25 of 3rd period - Shot by Tim Schaller.
0:25 of 3rd period - Stopped by Jake Kielly without a rebound.
0:26 of 3rd period - Brad Malone wins face-off versus Vinni Lettieri in Checkers zone.
0:42 of 3rd period - Shot by Vinni Lettieri.
0:42 of 3rd period - Shot Misses the Net.
0:48 of 3rd period - Shot by Brett Sutter.
0:48 of 3rd period - Stopped by Erik Kallgren without a rebound.
0:49 of 3rd period - Cal O'Reilly wins face-off versus Andy Andreoff in Marlies zone.
0:49 of 3rd period - Cal O'Reilly is hit by Andy Andreoff.
1:04 of 3rd period - Tim Schaller is hit by Michael Vukojevic.
1:17 of 3rd period - Minor Penalty to Miles Wood for Holding.
1:18 of 3rd period - Brad Malone wins face-off versus Vinni Lettieri in Checkers zone.
2:29 of 3rd period - Icing by Josh Wesley.
2:30 of 3rd period - Cal O'Reilly wins face-off versus Aarne Talvitie in Marlies zone.
2:30 of 3rd period - Cal O'Reilly is hit by Aarne Talvitie.
2:58 of 3rd period - Shot by Tim Schaller.
2:58 of 3rd period - Deflect By Cal O'Reilly.
2:58 of 3rd period - Stopped by Jake Kielly without a rebound.
2:59 of 3rd period - Cal O'Reilly wins face-off versus Vinni Lettieri in Checkers zone.
3:01 of 3rd period - Tim Schaller is hit by Michael Vukojevic and loses puck.
3:16 of 3rd period - Shot by Cal O'Reilly.
3:16 of 3rd period - Shot Misses the Net.
3:40 of 3rd period - Shot by Kristian Vesalainen.
3:40 of 3rd period - Shot Misses the Net.
4:15 of 3rd period - Icing by Riley Barber.
4:16 of 3rd period - Andy Andreoff wins face-off versus Mitchell Heard in Checkers zone.
4:16 of 3rd period - Andy Andreoff is hit by Mathias Brome .
4:26 of 3rd period - Shot by Mathias Brome .
4:26 of 3rd period - Shot Misses the Net.
4:36 of 3rd period - Shot by Andy Andreoff.
4:36 of 3rd period - Shot Blocked by Calvin De Haan.
4:45 of 3rd period - Michael Vukojevic is hit by Calvin De Haan and loses puck.
4:48 of 3rd period - Shot by Andy Andreoff.
4:48 of 3rd period - Shot Misses the Net.
5:09 of 3rd period - Shot by Brett Sutter.
5:09 of 3rd period - Shot Blocked by Calvin De Haan.
5:14 of 3rd period - Icing by Ian McCoshen.
5:15 of 3rd period - Max McCormick wins face-off versus Aarne Talvitie in Marlies zone.
5:45 of 3rd period - Shot by Vinni Lettieri.
5:45 of 3rd period - Stopped by Erik Kallgren with a rebound.
5:47 of 3rd period - Shot by Aarne Talvitie.
5:47 of 3rd period - Shot Blocked by Tim Schaller.
6:06 of 3rd period - Off-side.
6:07 of 3rd period - Victor Ejdsell wins face-off versus Andy Andreoff in neutral zone.
6:33 of 3rd period - Shot by Victor Ejdsell.
6:33 of 3rd period - Shot Misses the Net.
6:39 of 3rd period - Shot by Victor Ejdsell.
6:39 of 3rd period - Shot Misses the Net.
7:09 of 3rd period - Shot by Jaynen Rissling.
7:09 of 3rd period - Shot Misses the Net.
7:11 of 3rd period - Shot by Reese Johnson.
7:11 of 3rd period - Stopped by Erik Kallgren without a rebound.
7:12 of 3rd period - Vinni Lettieri wins face-off versus Mitchell Heard in Marlies zone.
7:40 of 3rd period - Shot by Vinni Lettieri.
7:40 of 3rd period - Stopped by Erik Kallgren without a rebound.
7:41 of 3rd period - Reese Johnson wins face-off versus Cal O'Reilly in Marlies zone.
7:54 of 3rd period - Shot by Ludwig Persson.
7:54 of 3rd period - Shot Blocked by Tyler Lewington.
9:24 of 3rd period - Shot by Kristian Vesalainen.
9:24 of 3rd period - Stopped by Jake Kielly with a rebound.
9:42 of 3rd period - Shot by Kristian Vesalainen.
9:42 of 3rd period - Stopped by Jake Kielly with a rebound.
9:46 of 3rd period - Shot by Victor Ejdsell.
9:46 of 3rd period - Shot Misses the Net.
9:48 of 3rd period - Shot by Calvin De Haan.
9:48 of 3rd period - Stopped by Jake Kielly without a rebound.
9:49 of 3rd period - Mitchell Heard wins face-off versus Andy Andreoff in Checkers zone.
10:00 of 3rd period - Shot by Riley Barber.
10:00 of 3rd period - Stopped by Erik Kallgren without a rebound.
10:01 of 3rd period - Cal O'Reilly wins face-off versus Reese Johnson in Marlies zone.
10:10 of 3rd period - Shot by Cal O'Reilly.
10:10 of 3rd period - Stopped by Jake Kielly without a rebound.
10:11 of 3rd period - Victor Ejdsell wins face-off versus Andy Andreoff in Checkers zone.
10:17 of 3rd period - Icing by Demetrios Koumontzis.
10:18 of 3rd period - Andy Andreoff wins face-off versus Brad Malone in Checkers zone.
10:33 of 3rd period - Shot by Max McCormick.
10:33 of 3rd period - Deflect By Dominik Simon.
10:33 of 3rd period - Shot Blocked by Riley Barber.
10:35 of 3rd period - Shot by Dominik Simon.
10:35 of 3rd period - Goal by Dominik Simon - Checkers : 2 - Marlies : 3.
10:36 of 3rd period - Cal O'Reilly wins face-off versus Reese Johnson in neutral zone.
11:15 of 3rd period - Shot by Tim Schaller.
11:15 of 3rd period - Shot Blocked by Jaynen Rissling.
11:18 of 3rd period - Icing by Jaynen Rissling.
11:19 of 3rd period - Reese Johnson wins face-off versus Dominik Simon in Checkers zone.
11:19 of 3rd period - Reese Johnson is hit by Brad Malone .
12:01 of 3rd period - Shot by Dylan Peterson.
12:01 of 3rd period - Stopped by Erik Kallgren without a rebound.
12:02 of 3rd period - Andy Andreoff wins face-off versus Cal O'Reilly in Marlies zone.
12:09 of 3rd period - Shot by Miles Wood.
12:09 of 3rd period - Stopped by Erik Kallgren with a rebound.
12:11 of 3rd period - Shot by Miles Wood.
12:11 of 3rd period - Shot Misses the Net.
12:35 of 3rd period - Shot by Cal O'Reilly.
12:35 of 3rd period - Stopped by Jake Kielly with a rebound.
12:48 of 3rd period - Icing by Calle Sjalin.
12:49 of 3rd period - Vinni Lettieri wins face-off versus Cal O'Reilly in Marlies zone.
13:19 of 3rd period - Shot by Dylan Peterson.
13:19 of 3rd period - Shot Misses the Net.
13:21 of 3rd period - Shot by Jaynen Rissling.
13:21 of 3rd period - Shot Misses the Net.
13:44 of 3rd period - Off-side.
13:45 of 3rd period - Andy Andreoff wins face-off versus Brad Malone in neutral zone.
14:04 of 3rd period - Shot by Ian McCoshen.
14:04 of 3rd period - Shot Misses the Net.
14:06 of 3rd period - Shot by Calvin De Haan.
14:06 of 3rd period - Shot Misses the Net.
14:53 of 3rd period - Shot by Victor Ejdsell.
14:53 of 3rd period - Shot Misses the Net.
14:55 of 3rd period - Shot by Kristian Vesalainen.
14:55 of 3rd period - Stopped by Jake Kielly without a rebound.
14:56 of 3rd period - Mitchell Heard wins face-off versus Vinni Lettieri in Checkers zone.
15:05 of 3rd period - Shot by Max McCormick.
15:05 of 3rd period - Stopped by Jake Kielly without a rebound.
15:06 of 3rd period - Vinni Lettieri wins face-off versus Brad Malone in Checkers zone.
15:18 of 3rd period - Icing by Jaynen Rissling.
15:19 of 3rd period - Mitchell Heard wins face-off versus Vinni Lettieri in Checkers zone.
15:22 of 3rd period - Shot by Mathias Brome .
15:22 of 3rd period - Shot Misses the Net.
15:24 of 3rd period - Shot by Max McCormick.
15:24 of 3rd period - Stopped by Jake Kielly without a rebound.
15:25 of 3rd period - Andy Andreoff wins face-off versus Victor Ejdsell in Checkers zone.
15:25 of 3rd period - Andy Andreoff is hit by Brad Malone .
15:40 of 3rd period - Riley Barber is hit by Tyler Lewington and loses puck.
15:47 of 3rd period - Shot by Miles Wood.
15:47 of 3rd period - Shot Misses the Net.
16:34 of 3rd period - Shot by Vinni Lettieri.
16:34 of 3rd period - Stopped by Erik Kallgren with a rebound.
16:45 of 3rd period - Icing by Tim Schaller.
16:46 of 3rd period - Cal O'Reilly wins face-off versus Reese Johnson in Marlies zone.
16:53 of 3rd period - Shot by Tim Schaller.
16:53 of 3rd period - Stopped by Jake Kielly with a rebound.
17:27 of 3rd period - Shot by Mathias Brome .
17:27 of 3rd period - Stopped by Jake Kielly without a rebound.
17:28 of 3rd period - Mitchell Heard wins face-off versus Vinni Lettieri in Checkers zone.
17:33 of 3rd period - Shot by Mathias Brome .
17:33 of 3rd period - Shot Misses the Net.
17:35 of 3rd period - Shot by Max McCormick.
17:35 of 3rd period - Shot Misses the Net.
17:37 of 3rd period - Shot by Calle Sjalin.
17:37 of 3rd period - Stopped by Jake Kielly with a rebound.
17:39 of 3rd period - Shot by Mathias Brome .
17:39 of 3rd period - Shot Blocked by Troy Stecher.
17:41 of 3rd period - Shot by Max McCormick.
17:41 of 3rd period - Stopped by Jake Kielly without a rebound.
17:42 of 3rd period - Brad Malone wins face-off versus Andy Andreoff in Checkers zone.
17:55 of 3rd period - Max McCormick is hit by Michael Vukojevic and loses puck.
17:58 of 3rd period - Shot by Dominik Simon.
17:58 of 3rd period - Stopped by Jake Kielly with a rebound.
18:00 of 3rd period - Shot by Max McCormick.
18:00 of 3rd period - Shot Blocked by Andy Andreoff.
18:02 of 3rd period - Shot by Brad Malone .
18:02 of 3rd period - Goal by Brad Malone - Checkers : 2 - Marlies : 4.
18:03 of 3rd period - Vinni Lettieri wins face-off versus Mitchell Heard in neutral zone.
18:24 of 3rd period - Shot by Mathias Brome .
18:24 of 3rd period - Stopped by Jake Kielly without a rebound.
18:25 of 3rd period - Tim Schaller wins face-off versus Andy Andreoff in Checkers zone.
18:32 of 3rd period - Shot by Loui Eriksson.
18:32 of 3rd period - Shot Blocked by Miles Wood.
18:34 of 3rd period - Shot by Calvin De Haan.
18:34 of 3rd period - Shot Misses the Net.
18:36 of 3rd period - Shot by Cal O'Reilly.
18:36 of 3rd period - Deflect By Loui Eriksson.
18:36 of 3rd period - Stopped by Jake Kielly without a rebound.
18:37 of 3rd period - Vinni Lettieri wins face-off versus Victor Ejdsell in Checkers zone.
18:51 of 3rd period - Shot by Brett Sutter.
18:51 of 3rd period - Shot Misses the Net.
19:31 of 3rd period - Shot by Cal O'Reilly.
19:31 of 3rd period - Stopped by Jake Kielly with a rebound.
19:33 of 3rd period - Shot by Calvin De Haan.
19:33 of 3rd period - Stopped by Jake Kielly without a rebound.
19:34 of 3rd period - Andy Andreoff wins face-off versus Mitchell Heard in Checkers zone.
19:55 of 3rd period - Shot by Miles Wood.
19:55 of 3rd period - Deflect By Andy Andreoff.
19:55 of 3rd period - Shot Blocked by Max McCormick.
19:57 of 3rd period - Shot by Jaynen Rissling.
19:57 of 3rd period - Shot Misses the Net.
19:59 of 3rd period - Shot by Michael Vukojevic.
19:59 of 3rd period - Stopped by Erik Kallgren with a rebound.
Goals for this period are 0 for Checkers vs 2 for Marlies.
Shots for this period are 9 for Checkers vs 22 for Marlies.